 Dungeon Crawl Stone Soup version 0.27-a0-1590-g15f69828bf (webtiles) character file.

Game seed: 5092341264188007362

1130 Demosthentine the Spear-Bearer (level 8, -2/61 (64) HPs)
             Began as a Merfolk Gladiator on July 18, 2021.
             Was a Follower of Zin.
             Slain by a kobold demonologist (4 damage)
             ... on level 5 of the Dungeon.
             The game lasted 00:05:04 (6194 turns).

Demosthentine the Spear-Bearer (Merfolk Gladiator)  Turns: 6194, Time: 00:05:05

HP:   -2/61 (64)    AC:  5    Str: 16    XL:     8   Next: 36%
MP:   8/8           EV: 15    Int:  8    God:    Zin [*.....]
Gold: 135           SH:  0    Dex: 15    Spells: 7/7 levels left

rFire    . . .     SeeInvis .   k - +0 trident
rCold    + + .     Faith    .   (no shield)
rNeg     . . .     Spirit   .   b - +0 leather armour
rPois    .         Reflect  .   c - +0 helmet
rElec    .         Harm     .   (no cloak)
rCorr    .         Rampage  .   (no gloves)
Will     .....                  n - +0 pair of boots
Stlth    +.........             (no amulet)
HPRegen  0.20/turn              i - ring of protection from cold
MPRegen  0.11/turn              o - ring of protection from cold

@: lightly drained
A: (nimble swimmer 2), mertail
a: Renounce Religion, Recite, Donate Gold


You were on level 5 of the Dungeon.
You worshipped Zin.
Zin was aware of your devotion.
You visited 2 branches of the dungeon, and saw 6 of its levels.

You collected 209 gold pieces.
You spent 60 gold pieces at shops.
You donated 14 gold pieces to Zin.

Inventory:

Hand Weapons
 k - a +0 trident (weapon)
Missiles
 d - 2 throwing nets (quivered)
Armour
 b - a +0 leather armour (worn)
 c - a +0 helmet (worn)
 n - a +0 pair of boots (worn)
Jewellery
 a - a ring of flight
 i - a ring of protection from cold (left hand)
 o - a ring of protection from cold (right hand)
Wands
 q - a wand of flame (15)
Scrolls
 e - a scroll of magic mapping
 f - 2 scrolls of enchant weapon {unknown}
 j - 3 scrolls of teleportation
 p - a scroll of enchant armour {unknown}
Potions
 g - a potion of heal wounds {unknown}
 h - a potion of cancellation {unknown}
 l - a potion of might {unknown}
 m - a potion of lignification


   Skills:
 + Level 5.6 Fighting
 + Level 8.1 Polearms
 - Level 2.0 Throwing
 + Level 3.4 Armour
 + Level 7.5 Dodging


You had 7 spell levels left.
You didn't know any spells.
Your spell library contained the following spells:

 Spells                   Type           Power      Damage    Failure   Level
 Shock                    Conj/Air       0%         1d3       45%         1
 Gell's Gravitas          Tloc           0%         N/A       83%         3
 Lesser Beckoning         Tloc           0%         N/A       83%         3
 Swiftness                Air            0%         N/A       83%         3
 Teleport Other           Tloc           0%         N/A       83%         3
 Airstrike                Air            0%         N/A       99%         4
 Malign Gateway           Summ/Tloc      0%         N/A       100%        7
 Summon Horrible Things   Summ           0%         N/A       100%        8


Dungeon Overview and Level Annotations

Branches:
Dungeon (5/15)             Temple (1/1) D:4

Altars:
Ashenzari
Cheibriados
Dithmenos
Fedhas
Gozag
Hepliaklqana
Kikubaaqudgha
Makhleb
Nemelex Xobeh
Okawaru
Qazlal
Ru
Trog
Uskayaw
Vehumet
Xom
Zin

Shops:
D:3 ?


Innate Abilities, Weirdness & Mutations

((You are quick and stealthy near water. (Stealth+, EV+, Speed+++)))
Your lower body shifts to a powerful aquatic tail in water.


Message History

The soul eater barely misses you.
Unknown command.
You hit the kobold demonologist.
The kobold demonologist is almost dead.
The kobold demonologist hits you but does no damage.
The iron imp completely misses you. The soul eater hits you!!
You feel drained.
Unknown command.
You closely miss the kobold demonologist.
The kobold demonologist is almost dead.
The kobold demonologist miscasts a cantrip.
The soul eater hits you!
* * * LOW HITPOINT WARNING * * *
The iron imp misses you.
Unknown command.
You barely miss the kobold demonologist.
The kobold demonologist is almost dead.
The kobold demonologist mumbles some strange words.
The soul eater hits you.
* * * LOW HITPOINT WARNING * * *
Unknown command.
You closely miss the kobold demonologist.
The kobold demonologist is almost dead.
The iron imp barely misses you.
The kobold demonologist hits you but does no damage.
You closely miss the kobold demonologist.
The kobold demonologist is almost dead.
The soul eater hits you.
* * * LOW HITPOINT WARNING * * *
The kobold demonologist hits you with a +0 dagger.
* * * LOW HITPOINT WARNING * * *
The iron imp hits you but does no damage.
Unknown command.
Unknown command.
It was a potion of lignification.
Zin protects your body from unnatural transformation!
You feel woody for a moment. The soul eater hits you.
* * * LOW HITPOINT WARNING * * *
The white imp lashes its tail.
The kobold demonologist hits you with a +0 dagger.
You die...

########## #........#
#######.#.##.#.#
#.....35#.#....#######
#.#####@#...#........#
#K#......#####.#
......54...#.#.# #.##
..##.#.........# #..#
# #..######## ##.#
...# ##### #.# ##..#
#...# ####.## ...#
##.#.###......
..####..#.>##.##.##


You could see a soul eater (summoned), an ice devil (summoned), a kobold
demonologist and 2 iron imps.

Vanquished Creatures
  Eustachio (D:4)
  Edmund (D:5)
  A sky beast (D:5)
  An ogre (D:5)
  3 scorpions (D:5)
  A howler monkey (D:5)
  2 hounds
  2 bullfrog skeletons
  3 orc priests
  2 iguanas (D:4)
  Jessica (D:3)
  An orc wizard (D:4)
  5 adders
  4 gnolls
  A white imp (D:5)
  2 ufetubi
  2 worms (D:2)
  2 dart slugs
  16 orcs
  7 ball pythons
  5 endoplasms
  2 giant cockroaches
  5 goblins
  3 hobgoblins
  2 jackals (D:1)
  3 quokkas
  9 bats
  3 frilled lizards
  6 kobolds
  3 rats
99 creatures vanquished.

Notes
Turn   | Place    | Note
-------+----------+-------------------------------------------
     0 | D:1      | Demosthentine the Merfolk Gladiator began the quest for the
                  | Orb.
     0 | D:1      | Reached XP level 1. HP: 16/16 MP: 1/1
   164 | D:1      | Reached XP level 2. HP: 14/23 MP: 2/2
   860 | D:2      | Reached XP level 3. HP: 28/28 MP: 3/3
  1096 | D:2      | Reached skill level 5 in Polearms
  1163 | D:2      | Reached skill level 1 in Armour
  1224 | D:2      | Reached XP level 4. HP: 26/34 MP: 4/4
  1752 | D:3      | Noticed Jessica
  1753 | D:3      | Found Seosh's Magic Scroll Boutique.
  1759 | D:3      | Killed Jessica
  1760 | D:3      | Reached skill level 5 in Dodging
  1765 | D:3      | Bought a scroll of teleportation for 36 gold pieces
  1922 | D:3      | Found a faded altar of an unknown god.
  2151 | D:2      | Reached XP level 5. HP: 21/41 MP: 5/5
  2788 | D:3      | Found a hazy altar of Hepliaklqana.
  2897 | D:3      | Bought a scroll of identify for 24 gold pieces
  2922 | D:4      | Noticed Eustachio
  2940 | D:4      | Killed Eustachio
  2941 | D:4      | Reached skill level 6 in Polearms
  2941 | D:4      | Reached XP level 6. HP: 22/48 MP: 6/6
  3271 | D:4      | Found a staircase to the Ecumenical Temple.
  3314 | Temple   | Entered the Ecumenical Temple
  3730 | Temple   | Became a worshipper of Zin the Law-Giver
  4208 | D:4      | Found a stormy altar of Qazlal.
  4416 | D:4      | Reached XP level 7. HP: 9/55 MP: 7/7
  4902 | D:5      | Entered Level 5 of the Dungeon
  4957 | D:5      | Reached skill level 7 in Polearms
  5290 | D:5      | Found a broken altar of Ashenzari.
  5413 | D:5      | Reached skill level 5 in Fighting
  5690 | D:5      | Reached * piety under Zin
  5722 | D:5      | Reached XP level 8. HP: 62/62 MP: 8/8
  5887 | D:5      | Noticed Edmund
  5907 | D:5      | Killed Edmund
  5908 | D:5      | Reached skill level 8 in Polearms
  6166 | D:5      | Noticed a kobold demonologist
  6184 | D:5      | Noticed a soul eater
  6193 | D:5      | Noticed an ice devil
  6194 | D:5      | HP: 2/61 [soul eater[a kobold demonologist] (3)]
  6194 | D:5      | Slain by a kobold demonologist

Illustrated notes

Levels and vault maps discovered:
D:1:      co_arrival_square_in_a_square_in_a_square, layout_basic
D:2:      layout_loops_ring, hangedman_decor_opposing
D:3:      layout_basic, nicolae_hepliaklqana_hippocampus,
          hellmonk_ecumenical_altar_run_dry, serial_shops, shop,
          grunt_ministairs_3, uniq_jessica
D:4:      layout_gridville, lemuel_tele_altar, minmay_temple_entry_poolview,
          uniq_eustachio
D:5:      layout_loops_cross, nicolae_ashenzari_panopticon, uniq_edmund
Temple:   eino_narrow_crystal_temple

Skill      XL: |  1  2  3  4  5  6  7  8 |
---------------+-------------------------+-----
Polearms       | 5 6 7 8 |  8.1
Armour         | 1 2 3 |  3.4
Fighting       | 3 4 5 |  5.6
Dodging        | 5 6 7 |  7.5
Throwing       | |  2.0

Action                   |  1- 3 |  4- 6 |  7- 9 || total
-------------------------+-------+-------+-------++-------
Melee: Trident           |    90 |   214 |   146 ||   450
Throw: Throwing net      |       |     2 |     2 ||     4
  Use: Scroll            |     2 |     4 |     1 ||     7
       Potion            |       |     1 |     1 ||     2
 Stab: Sleeping          |     4 |     6 |       ||    10
       Held in net/web   |       |     1 |     3 ||     4
Armor: Leather armour    |    20 |    39 |    27 ||    86
Dodge: Dodged            |    31 |   139 |    75 ||   245

Table legend: (Time is in decaauts)
 A = Elapsed time spent in this place.
 B = Non-inter-level travel time spent in this place.
 C = Inter-level travel time spent in this place.
 D = Time resting spent in this place.
 E = Time spent auto-exploring this place.
 F = Levels seen in this place.
 G = Mean time per level.
                   A        B        C        D        E       F      G
               +--------+--------+--------+--------+--------+-----+--------+
         Total |   6192 |   6033 |    159 |    663 |   4419 |   6 | 1032.0 |
       Dungeon |   5761 |   5602 |    159 |    663 |   4042 |   5 | 1152.2 |
        Temple |    431 |    431 |      0 |      0 |    377 |   1 |  431.0 |
               +--------+--------+--------+--------+--------+-----+--------+

Top non-repeatable levels by time:
     D:4: 1867 daAuts
     D:3: 1083 daAuts
     D:2: 1018 daAuts
     D:5: 961 daAuts
     D:1: 829 daAuts
  Temple: 431 daAuts
